 Dungeon Crawl Stone Soup version 0.30.0-10-gfe55d96785 (webtiles) character file.

Game seed: 9233521856034903555

15 Frutz the Grasshopper (level 2, -1/26 HPs)
             Began as a Naga Warper on May 15, 2023.
             Slain by a hobgoblin (4 damage)
             ... on level 1 of the Dungeon.
             The game lasted 00:00:58 (64 turns).

Frutz the Grasshopper (Naga Warper)                   Turns: 64, Time: 00:00:58

Health: -1/26      AC:  2    Str: 13    XL:     2   Next: 50%
Magic:  5/5        EV:  9    Int: 13    God:
Gold:   15         SH:  0    Dex: 10    Spells: 5/5 levels left

rFire   . . .        a - +0 falchion
rCold   . . .        (no shield)
rNeg    . . .        b - +0 leather armour
rPois   +            (no helmet)
rElec   .            (no cloak)
rCorr   .            (no gloves)
SInv    +            (no barding)
Will    .....        (no amulet)
Stlth   +            (no ring)
HPRegen 0.24/turn    (no ring)
MPRegen 0.09/turn

%: no passive effects
@: very slow
A: AC +0, large, see invisible, deformed body, poison resistance, slowness 2,
spit poison 1, naga tail 1
a: Spit Poison


You were on level 1 of the Dungeon.
You visited 1 branch of the dungeon, and saw 1 of its levels.

You collected 15 gold pieces.

Inventory:

Hand Weapons
 a - a +0 falchion (weapon)
Missiles
 d - 7 boomerangs of dispersal (quivered)
Armour
 b - a +0 leather armour (worn)
Scrolls
 c - a scroll of blinking
 g - a scroll of summoning {unknown}
Potions
 e - a potion of brilliance {unknown}
 f - a potion of curing {unknown}


   Skills:
 + Level 2.1 Fighting
 + Level 2.0 Long Blades
 + Level 0.8 Throwing
 + Level 0.7 Armour
 + Level 1.5 Dodging
 + Level 2.1 Spellcasting
 + Level 3.6 Translocations


You had 5 spell levels left.
You didn't know any spells.
Your spell library contained the following spells:

 Spells                   Type           Power      Damage    Failure   Level
 Blink                    Tloc           20%        N/A       11%         2
 Lesser Beckoning         Tloc           20%        N/A       11%         2
 Teleport Other           Tloc           10%        N/A       22%         3
 Vhi's Electric Charge    Tloc/Air       12%        N/A       41%         3
 Manifold Assault         Tloc           10%        N/A       58%         4


Dungeon Overview and Level Annotations

Branches:
Dungeon (1/15)

Altars:


Innate Abilities, Weirdness & Mutations

Your serpentine skin is tough. (AC +0)
You have supernaturally acute eyesight. (SInv)
Armour fits poorly on your strangely shaped body.
Your system is resistant to poisons. (rPois)
You cover ground very slowly.
You can spit poison.
You have a snake-like lower body.


Message History

A frilled lizard comes into view.
The gnoll hits you with a +0 flail.
The frilled lizard hisses angrily.
You slash the gnoll!
The gnoll is almost dead.
The gnoll hits you with a +0 flail!
* * * LOW HITPOINT WARNING * * *
You slash the gnoll!
You kill the gnoll!
The ball python closely misses you.
You have reached level 2!
You completely miss the ball python.
The ball python bites you but does no damage.
A dart slug comes into view.
You hit the ball python.
The ball python is moderately wounded.
The ball python bites you. x2
* * * LOW HITPOINT WARNING * * *
You hit the ball python.
You kill the ball python!
You barely miss the hobgoblin.
The frilled lizard bites you but does no damage.
The hobgoblin barely misses you. The hobgoblin hits you.
* * * LOW HITPOINT WARNING * * *
The hobgoblin misses you. The frilled lizard bites you.
* * * LOW HITPOINT WARNING * * *
The hobgoblin hits you.
* * * LOW HITPOINT WARNING * * *
Things that are here:
a +0 flail; a frilled lizard corpse You slash the hobgoblin!
You kill the hobgoblin!
The hobgoblin barely misses you. The frilled lizard barely misses you.
You slash the endoplasm!
You kill the endoplasm!
The hobgoblin barely misses you. The frilled lizard barely misses you.
You slash the ball python!
You kill the ball python!
The hobgoblin hits you.
You die...

... ..> ....
... ..## ##
#.l## .$ #l†# .
#@## #.
#.g####.#
#.####......#
#....##.#####
##...##.#
#......# #.#
##.....#
#.#....##...#.#
#.##...###..#.#


You could see a hobgoblin and 2 frilled lizards.

Vanquished Creatures
  A gnoll (D:1)
  2 endoplasms (D:1)
  A hobgoblin (D:1)
  2 ball pythons (D:1)
  A frilled lizard (D:1)
7 creatures vanquished.

Notes
Turn   | Place    | Note
-------+----------+-------------------------------------------
     0 | D:1      | Frutz the Naga Warper began the quest for the Orb.
     0 | D:1      | Reached XP level 1. HP: 19/19 MP: 3/3
    57 | D:1      | Reached XP level 2. HP: 8/26 MP: 5/5
    64 | D:1      | Slain by a hobgoblin

Illustrated notes

Levels and vault maps discovered:
D:1:      dpeg_arrival_long_road, layout_basic, serial_forest,
          infiniplex_forest_straight_4, infiniplex_forest_clump_diagonal,
          infiniplex_forest_corner_2, infiniplex_forest_straight_2,
          infiniplex_forest_end_2, infiniplex_forest_lined_3,
          infiniplex_forest_end_2, infiniplex_forest_straight_2,
          infiniplex_forest_clump_long, infiniplex_forest_lined_room_2,
          st_stairs_5

Action                     || total
---------------------------++-------
  Melee: Falchion          ||    14
 Armour: Leather armour    ||     2
  Dodge: Dodged            ||     8
